[Event "Prague Festival-Challengers 2022"]
[Site "Prague"]
[Date "2022.06.14"]
[Round "6.3"]
[White "Warmerdam, Max"]
[Black "Abdusattorov, Nodirbek"]
[Result "0-1"]
[ECO "E04"]
[WhiteElo "2614"]
[BlackElo "2661"]
[Annotator "TA"]
[PlyCount "80"]
[EventDate "2022.06.07"]
[EventType "tourn"]
[EventCountry "CZE"]
[SourceTitle "playchess.com"]
[Source "ChessBase"]
[SourceQuality "1"]
[TimeControl "40/5400+30:1800+30"]

1. d4 Nf6 2. c4 e6 3. g3 d5 4. Bg2 dxc4 5. Nf3 Nc6 6. O-O Rb8 7. b3 {[%emt 0:01:06] E04: Open Catalan: 5 Nf3.} cxb3 8. axb3 Be7 9. Bb2 {[%emt 0:00:07] The position is equal.} O-O 10. Qc1 {[%emt 0:01:05] [#]} a6 $5 $146 {[%emt 0:10:08][%mdl 8] New and interesting.} ({Predecessor:} 10... Nb4 11. Rxa7 Na6 12. Na3 Ne4 13. Ne5 Nd6 14. Rxa6 bxa6 15. Nc6 Qe8 16. Nxb8 Bb7 17. Bxb7 Nxb7 18. Nc6 {1-0 (18) Aghasiyev,K (2441)-Efremov,V (2188) Chess.com INT 2020}) 11. Rd1 Bd7 12. Nc3 Nb4 13. e4 Rc8 14. Qf4 Be8 15. Bh3 c6 {[%emt 0:03:03] Prevents d5.} 16. Rac1 b5 17. d5 (17. Ne2 $11) 17... cxd5 $17 {[%emt 0:04:26] Black keeps a firm grip on the game.} 18. exd5 Nbxd5 19. Nxd5 Nxd5 20. Rxc8 Nxf4 {[%emt 0:00:05][%mdl 64] Discovered Attack. Dancing on a razor blade.} ({Don't take} 20... Qxc8 21. Rxd5 Qc2 22. Rd2 Qb1+ 23. Bf1 $18) 21. Rcxd8 Nxh3+ 22. Kg2 Bxd8 23. Rxd8 {[%emt 0:06:06] aiming for Ba3.} Bc6 24. Rd6 {[%emt 0:00:06] [#]} (24. Rxf8+ $17 Kxf8 25. Kxh3 Bxf3 26. g4) 24... Rc8 $1 $19 25. Kxh3 {[%emt 0:01:12] And now Nd4 would win.} Bxf3 26. Rxa6 {[%emt 0:03:10][%mdl 4096] Endgame KRB-KRB} (26. Rd3 {is a better defense.} Bd5 27. b4) 26... h5 27. Bd4 f6 {[%emt 0:05:39] ...Rd8 is the strong threat.} 28. b4 Rc4 29. Bc5 g5 {[%emt 0:00:46] Black is clearly winning.} 30. Ra3 {[%emt 0:04:24] [#]} Kf7 $1 31. Ra1 (31. Rxf3 g4+) 31... Kg6 32. Re1 Rc3 33. Ra1 f5 {[%emt 0:03:02][%cal Oh5h4,Bf6f5,Bf5f4][%mdl 32] Threatens to win with ...h4!} 34. Re1 Bd5 {[%emt 0:03:22] Strongly threatening ...h4.} 35. Ra1 h4 36. Ra7 e5 (36... hxg3 $142 37. hxg3 g4+ 38. Kh2 Rc1) 37. Rd7 Bf3 (37... Bc4 $142 38. Rd1 Be2) 38. Be3 f4 39. Bd2 Rc8 {[%emt 0:01:07] ( -> ...g4+)} 40. g4 Rc2 {[%emt 0:00:00] Weighted Error Value: White=0.67/Black=0.37} 0-1

[Event "Prague Festival-Challengers 2022"]
[Site "Prague"]
[Date "2022.06.14"]
[Round "6.4"]
[White "Sasikiran, Krishnan"]
[Black "Michalik, Peter"]
[Result "1-0"]
[ECO "E04"]
[WhiteElo "2651"]
[BlackElo "2579"]
[Annotator "RC"]
[PlyCount "71"]
[EventDate "2022.06.07"]
[EventType "tourn"]
[EventCountry "CZE"]
[SourceTitle "playchess.com"]
[Source "ChessBase"]
[SourceQuality "1"]
[TimeControl "40/5400+30:1800+30"]

1. Nf3 d5 2. d4 Nf6 3. c4 e6 4. g3 dxc4 5. Bg2 c5 6. O-O Nc6 7. Qa4 Bd7 8. Qxc4 b5 9. Qc3 b4 10. Qd3 Rc8 11. dxc5 Bxc5 12. Bg5 O-O 13. Nbd2 Be7 14. Rfd1 h6 15. Bxf6 Bxf6 16. Ne4 Rc7 17. Rd2 Be7 18. Rad1 Qb8 19. Qe3 Bc8 20. h4 Ba6 21. g4 b3 22. axb3 Bb4 23. Nc3 Ne7 24. Nd4 Rfc8 25. Nxe6 Bxc3 26. bxc3 fxe6 27. Qxe6+ Kh8 28. Qxa6 Rxc3 29. Qe6 Ng8 30. g5 Rf8 31. e3 Rxb3 32. Be4 Rb6 33. Rd6 Rxd6 34. Qxd6 Qb3 35. Rd2 Qf7 36. Qg6 1-0

[Event "Prague Festival-Challengers 2022"]
[Site "Prague"]
[Date "2022.06.14"]
[Round "6.5"]
[White "Hracek, Zbynek"]
[Black "Stocek, Jiri"]
[Result "1/2-1/2"]
[ECO "B66"]
[WhiteElo "2570"]
[BlackElo "2533"]
[Annotator "TA"]
[PlyCount "240"]
[EventDate "2022.06.07"]
[EventType "tourn"]
[EventCountry "CZE"]
[SourceTitle "playchess.com"]
[Source "ChessBase"]
[SourceQuality "1"]
[TimeControl "40/5400+30:1800+30"]

1. e4 c5 2. Nf3 d6 3. d4 cxd4 4. Nxd4 Nf6 5. Nc3 Nc6 6. Bg5 e6 7. Qd2 Be7 8. O-O-O a6 9. Bxf6 gxf6 10. f4 Nxd4 11. Qxd4 b5 12. e5 d5 13. Kb1 Bd7 14. f5 fxe5 15. Qxe5 Bf6 16. Qf4 Rc8 17. Bd3 Qc7 18. Qh6 Bxc3 19. bxc3 Qxc3 20. fxe6 Qb4+ 21. Ka1 Qc3+ 22. Kb1 Qb4+ 23. Ka1 Bxe6 24. Rhe1 Kd7 25. Be4 Qc3+ 26. Kb1 Rc4 27. Qe3 Rb4+ 28. Kc1 Qb2+ 29. Kd2 Qd4+ 30. Qxd4 Rxd4+ 31. Kc3 Rc4+ 32. Kb2 Kd6 33. Re3 h5 34. Bf3 Rhc8 35. Rd2 h4 36. Red3 R8c5 37. Ra3 Rc6 38. Rad3 R6c5 39. Ra3 Rb4+ 40. Kc1 Rc6 41. Rad3 Rc5 (41... Ke7 $11) 42. Ra3 $1 $17 Ra4 43. Rxa4 bxa4 44. Kb2 Rc4 45. Be2 Rb4+ 46. Ka3 $1 a5 47. c3 (47. c4 $142) 47... Rf4 $17 48. Bb5 Kc5 49. Bxa4 Rc4 50. Rd3 Rg4 51. Rd2 Rc4 52. Rd3 $1 Re4 53. Rd2 Re3 54. Kb2 Bf5 55. Rf2 {[%emt 0:01:32] [#]} Be4 $1 56. Rf6 d4 ({Black should play} 56... Kc4 $17 {And now ...Re2+ would win.} 57. Rf2 Re1) 57. cxd4+ $15 Kb4 (57... Kxd4 $5 58. Bb5 Bxg2 59. Rxf7 Rh3 60. Rd7+ Ke5 61. Re7+ Kf4 62. Rf7+ Ke3 63. Re7+ Kf2 $17) 58. Bd1 $1 Re1 59. Rb6+ Kc4 60. Bb3+ Kxd4 61. Rh6 Re2+ 62. Ka3 Rxg2 63. Bxf7 Rxh2 64. Ka4 h3 65. Be6 Re2 66. Rxh3 Bc6+ 67. Kxa5 Rxe6 68. Kb4 Be4 69. Rh4 Rb6+ 70. Ka5 Rb8 71. Ka4 Kd3 72. Ka5 Ra8+ 73. Kb4 Rxa2 74. Kc5 Rc2+ 75. Kd6 Kd4 76. Rf4 Rc6+ 77. Kd7 Rh6 78. Rf1 Ke5 79. Re1 Rh7+ 80. Ke8 Kd5 81. Kf8 Bf5 82. Re7 Rh6 83. Kg7 Rg6+ 84. Kf7 Ra6 85. Re1 Be4 86. Rd1+ Ke5 87. Re1 Ra7+ 88. Ke8 Rb7 89. Re2 Kd5 90. Kf8 Bf5 91. Re7 Rb6 92. Kg7 Be4 93. Kf7 Ra6 94. Kg7 Kd4 95. Kf7 Ke3 96. Rd7 Kf4 97. Rd1 $1 Ra7+ 98. Kf6 Ra6+ 99. Ke7 Ke5 100. Re1 Rh6 101. Re2 Rh1 102. Re3 Rh7+ 103. Ke8 Kf5 104. Kd8 Ra7 105. Re1 Bc6 106. Re7 Ra6 107. Re1 Kf6 108. Kc7 Bd5 109. Rd1 Ke5 110. Re1+ Kd4 111. Rc1 Bc4 112. Kd7 Kc5 113. Ke7 Re6+ 114. Kd7 Re2 115. Kd8 Kd5 116. Kd7 Bb5+ 117. Kc7 Ba4 118. Rg1 Re7+ 119. Kb6 Re6+ 120. Ka5 Bc2 1/2-1/2

[Event "Prague Festival-Challengers 2022"]
[Site "Prague"]
[Date "2022.06.15"]
[Round "7.1"]
[White "Abdusattorov, Nodirbek"]
[Black "Keymer, Vincent"]
[Result "1/2-1/2"]
[ECO "C50"]
[WhiteElo "2661"]
[BlackElo "2667"]
[Annotator "TA"]
[PlyCount "88"]
[EventDate "2022.06.07"]
[EventType "tourn"]
[EventCountry "CZE"]
[SourceTitle "playchess.com"]
[Source "ChessBase"]
[SourceQuality "1"]
[TimeControl "40/5400+30:1800+30"]

1. e4 e5 2. Nf3 Nc6 3. Bc4 Nf6 4. d3 Bc5 5. O-O d6 6. Bg5 h6 7. Bh4 a6 {[%emt 0:02:15] C50: Hungarian Defence and Giuoco Pianissimo.} 8. c3 Ba7 9. a4 g5 10. Bg3 O-O 11. Na3 Bg4 12. Nc2 {[%emt 0:02:36] [#]} Kh8 $146 ({Predecessor:} 12... d5 13. exd5 Nxd5 14. d4 exd4 15. cxd4 Bh5 16. Ra3 Kh8 17. Qd2 f5 18. Be5+ Nxe5 19. Nxe5 {½-½ (45) Dragun,K (2594)-Gajewski,G (2633) Poznan 2016}) 13. Ne3 Bxe3 14. fxe3 Nh5 15. a5 (15. Be1 $16) 15... Nxg3 16. hxg3 Qe7 17. Qb3 Rab8 18. Nh2 Be6 19. Qd1 Bxc4 20. dxc4 Qe6 21. Ng4 $1 {[%emt 0:01:05] Rf6 is the strong threat.} f5 $1 22. exf5 Rxf5 23. Rxf5 Qxf5 24. Nxh6 Qg6 25. Ng4 Rf8 26. b4 Ne7 (26... Kg7 $14) 27. Qe2 Nf5 28. Rf1 {[%emt 0:00:40] And now e4 would win.} e4 $1 29. Ne5 Qe8 $11 30. Qf2 Kg7 {[%emt 0:01:13] Prevents Ng6.} (30... dxe5 31. g4 $16) (30... Qxe5 $5 31. g4 Kg7 $1 32. gxf5 Rf6 $11) 31. Nd7 Rf7 (31... Qxd7 $5 32. g4 {[#]} Kg6 $1 $11) 32. Nf6 Rxf6 33. g4 Qh8 34. gxf5 {[%emt 0:01:01][%mdl 4096] Endgame KQR-KQR} Rh6 35. Qd2 Rh1+ 36. Kf2 {[%emt 0:00:03] Strongly threatening Rxh1.} Qh4+ 37. Ke2 {[%emt 0:00:05] Hoping for Qd4+.} Qg4+ 38. Ke1 $1 Rxf1+ 39. Kxf1 {[%emt 0:00:06] aiming for Qd4+.} Qxf5+ {[%emt 0:00:03] KQ-KQ} 40. Kg1 Qe5 41. Qd4 Kg6 (41... Kf6 $11 {deserves consideration.}) 42. Kf2 (42. Qxe5 $14 dxe5 43. c5) 42... g4 {[%emt 0:00:39] The position is equal.} 43. Qxe5 dxe5 44. c5 {[%emt 0:00:15][%cal Oc5c6] Threatening mate with c6!} c6 $1 {[%emt 0:00:11] Weighted Error Value: White=0.13 (very precise) /Black=0.08 (flawless)} 1/2-1/2

[Event "Prague Festival-Challengers 2022"]
[Site "Prague"]
[Date "2022.06.15"]
[Round "7.2"]
[White "Michalik, Peter"]
[Black "Pechac, Jergus"]
[Result "1-0"]
[ECO "C67"]
[WhiteElo "2579"]
[BlackElo "2597"]
[Annotator "TA"]
[PlyCount "75"]
[EventDate "2022.06.07"]
[EventType "tourn"]
[EventCountry "CZE"]
[SourceTitle "playchess.com"]
[Source "ChessBase"]
[SourceQuality "1"]
[TimeControl "40/5400+30:1800+30"]

1. e4 e5 2. Nf3 Nc6 3. Bb5 Nf6 4. O-O Nxe4 5. d4 Nd6 6. Bxc6 dxc6 7. dxe5 Nf5 8. Qxd8+ Kxd8 9. Rd1+ Ke8 10. Nc3 Ne7 11. Nd4 {[%emt 0:00:07][%cal Od4b5,Bf3d4,Bd4e2,Be2f4][%mdl 32] Strongly threatening Ndb5!} Nf5 {[%emt 0:09:09] C67: Ruy Lopez: Berlin Defence: 4 0-0 Nxe4.} 12. Nde2 Be7 13. Ne4 h6 {[%emt 0:00:52] [#] The position is equal.} 14. Nf4 $146 ({Predecessor:} 14. b3 a5 15. a4 b6 16. Bb2 Be6 17. Nf4 h5 18. Nxe6 fxe6 19. Rd3 Rd8 20. Rxd8+ Kxd8 {1-0 (49) Dolezal,R (2374)-Kozak,M (2165) Klatovy 2019}) 14... Nh4 15. Re1 Bf5 16. Bd2 (16. Nd6+ {is more complex.} Bxd6 17. exd6+ Kd7 18. dxc7 Bxc2 19. Nh5) 16... Rd8 {[%emt 0:02:24] Prevents Nd6+.} 17. Bc3 h5 18. Ng3 Bxc2 19. Ngxh5 Kf8 20. Rac1 Ba4 (20... Bf5 $11 {remains equal.}) 21. b3 Bb5 22. a4 $36 {[%emt 0:00:04][%mdl 2048] White has strong initiative.} Ba6 23. e6 f6 {[%emt 0:00:11] [#]} 24. Rcd1 (24. Red1 $1 $16 {[%cal Rd1d8] Threatens to win with Rxd8+.} Rd6 25. Rxd6 cxd6 26. g3) 24... Rd6 $11 25. Ng3 {[%emt 0:06:30] next Ne4 is good for White.} g5 26. Nfh5 Rh6 27. f4 g4 {[%emt 0:07:21] [#]} (27... gxf4 $11 {keeps the balance.} 28. Nxf4 Rxd1 29. Rxd1 Bd6) 28. f5 $1 $16 {[%emt 0:11:54] White is more active.} Rxd1 {[%emt 0:01:30] Loses the game.} (28... Nxf5 $16 29. Bd2 (29. Nxf5 Rxh5 30. Nxd6 cxd6 $11) 29... Rh8) 29. Rxd1 $18 Nxf5 30. Rd7 Nd6 (30... Nxg3 {was worth a try.} 31. Nxg3 f5) 31. Nf4 {[%emt 0:08:41] And now Bb4 would win. Pair of Knights!} b6 32. Rxc7 Bb7 33. Bd2 f5 34. Bc3 {[%emt 0:01:08] White is clearly winning.} Rh7 35. Be5 Ne4 36. Nxe4 fxe4 37. Ng6+ Ke8 38. Bd6 {[%emt 0:00:13] Weighted Error Value: White=0.11 (very precise) /Black=0.39} 1-0

[Event "Prague Festival-Challengers 2022"]
[Site "Prague"]
[Date "2022.06.15"]
[Round "7.3"]
[White "Niemann, Hans Moke"]
[Black "Hracek, Zbynek"]
[Result "1-0"]
[ECO "B98"]
[WhiteElo "2656"]
[BlackElo "2570"]
[Annotator "TA"]
[PlyCount "67"]
[EventDate "2022.06.07"]
[EventType "tourn"]
[EventCountry "CZE"]
[SourceTitle "playchess.com"]
[Source "ChessBase"]
[SourceQuality "1"]
[TimeControl "40/5400+30:1800+30"]

1. e4 c5 2. Nf3 d6 3. d4 cxd4 4. Nxd4 Nf6 5. Nc3 a6 6. Bg5 e6 7. f4 Be7 8. Qf3 Nbd7 9. O-O-O {[%emt 0:00:41] B98: Sicilian Najdorf: 6 Bg5 e6 7 f4 Be7, sidelines.} h6 10. Bxf6 Bxf6 11. Bc4 {[%emt 0:02:07][%cal Oc4e6] Hoping for Bxe6! The position is equal.} O-O (11... Qb6 $11 12. Nb3 Qc7) 12. g4 ({Better is} 12. h4 $14) 12... b5 $2 (12... e5 $1 $11 13. g5 Bxg5 14. fxg5 exd4 15. Rxd4 Qxg5+ 16. Kb1 Ne5) 13. e5 $16 {[%emt 0:05:15] [#] White is much more active. The black rooks are badly placed.} Bxe5 $146 (13... dxe5 $2 14. Nxe6 e4 15. Qxe4 fxe6 16. Bxe6+ Kh8 17. Qxa8) ({Predecessor:} 13... dxe5 14. Nxe6 fxe6 15. Bxe6+ Kh8 16. Qxa8 exf4 17. Qc6 Bxc3 18. Qxc3 f3 19. Qd2 Qb6 20. Bxd7 Rd8 21. Qf4 Bxd7 22. Rxd7 Rxd7 23. Qf8+ Kh7 24. Qf5+ {1-0 (24) Milson,S (2069)-Burrows,M (2104) Blackpool 2016}) 14. fxe5 d5 (14... Rb8 $16) 15. Bb3 $18 Nxe5 16. Qg3 Nc4 17. h4 Qd6 18. Qf3 Rb8 19. g5 h5 20. Kb1 ({Don't take} 20. Qxh5 $6 Qf4+ 21. Kb1 Nd2+ 22. Rxd2 Qxd2 $18) ({Don't play} 20. Bxc4 $6 bxc4 21. Rhe1 (21. Qxh5 e5 $14) 21... Bd7 $18) 20... g6 21. Rhe1 Bd7 22. Qf6 Rb6 23. Nf3 a5 (23... Qc5 $142 24. a3 b4) 24. Qd4 {[%emt 0:03:20] Threatens to win with Bxc4.} Qc7 (24... Rd8 25. Qf6 Rdb8 26. Bxc4 bxc4) 25. Bxc4 bxc4 26. Ne5 Rfb8 {[%emt 0:02:36] [#]} 27. Nxf7 $1 {[%emt 0:04:10][%cal Oc3d5][%mdl 512] Nxd5! would kill now.} Kxf7 (27... Kh7 28. Ka1) 28. Qf6+ {[%emt 0:00:08][%mdl 64] Deflection} Ke8 29. Qh8+ {[%emt 0:00:27] White mates.} Kf7 30. Qh7+ Kf8 31. Rf1+ Ke8 32. Qxg6+ Ke7 {[%emt 0:00:50] [#]} 33. Nxd5+ $1 exd5 (33... Kd6 34. Nxb6+) 34. Rf7+ {[%emt 0:00:07] Black did not feel at home in the position after the opening.  Weighted Error Value: White=0.30/Black=0.62} 1-0

[Event "Prague Festival-Challengers 2022"]
[Site "Prague"]
[Date "2022.06.15"]
[Round "7.4"]
[White "Stocek, Jiri"]
[Black "Warmerdam, Max"]
[Result "1-0"]
[ECO "E92"]
[WhiteElo "2533"]
[BlackElo "2614"]
[Annotator "TA"]
[PlyCount "59"]
[EventDate "2022.06.07"]
[EventType "tourn"]
[EventCountry "CZE"]
[SourceTitle "playchess.com"]
[Source "ChessBase"]
[SourceQuality "1"]
[TimeControl "40/5400+30:1800+30"]

1. d4 Nf6 2. Nf3 g6 3. c4 Bg7 4. Nc3 O-O 5. e4 d6 6. Be2 e5 7. d5 a5 8. Bg5 h6 9. Be3 Ng4 {[%emt 0:01:17] E92: King's Indian: Classical: 6 Be2 e5: 7 dxe5, 7 Be3 and Petrosian System without 7...Nbd7.} 10. Bd2 $1 {[%emt 0:00:25] 10.Bd2 is better than 10.Bc1.} f5 11. h3 Nf6 {[%emt 0:00:44] White is slightly better.} 12. exf5 gxf5 13. g4 {[%emt 0:03:18] [#]} Ne4 $146 {[%emt 0:00:35] Inhibits g5.} (13... fxg4 $11 14. hxg4 Nxg4) ({Predecessor:} 13... Na6 14. g5 hxg5 15. Bxg5 Nc5 16. Rg1 Kh8 17. Qc2 Qe8 18. O-O-O Nfe4 19. Nb5 Qf7 {1-0 (40) Moskalenko,A (2515)-Perez Ponsa,F (2554) Chess.com INT 2021}) 14. g5 (14. Nxe4 $1 $16 {And now gxf5 would win.} fxe4 15. Nh2) 14... Nxc3 $14 15. Bxc3 {[%emt 0:14:48] Hoping for Rg1.} hxg5 16. Qd2 (16. Bd2 $5 ) 16... g4 17. hxg4 fxg4 18. Ng5 Rf4 19. Ne6 Bxe6 20. dxe6 {[%emt 0:00:03] Strongly threatening e7.} Nc6 21. O-O-O Qe7 {[%emt 0:40:34] [#]} ({Resist} 21... Rxf2 22. Rdg1 Qf6 23. Rxg4 $16) (21... Kf8 $15 {stays ahead.}) 22. Rdg1 $1 $16 Raf8 {[%emt 0:00:09] This costs Black the game.} (22... Rxf2 $2 23. Rxg4 Qxe6 24. Qd3 $18) (22... Qxe6 $2 23. Qxf4 exf4 24. Bxg4 $18) (22... Qf6 $16) 23. Bxg4 $18 (23. Rxg4 Qxe6 24. Rgg1 R8f6 $11) 23... Rxc4 $2 (23... R8f6 24. Qd5 Kf8) 24. Qd3 ({Weaker is} 24. Be2 Rh4 $16) 24... Rxc3+ 25. bxc3 Rxf2 26. Qh7+ Kf8 27. Bf5 {[%emt 0:00:36] White mates.} Qf6 {[%emt 0:05:40] [#]} 28. Rg6 $1 Rxf5 29. Rxf6+ Rxf6 30. Rg1 {[%emt 0:00:17] Weighted Error Value: White=0.05 (flawless) /Black=0.90} 1-0

[Event "Prague Festival-Challengers 2022"]
[Site "Prague"]
[Date "2022.06.15"]
[Round "7.5"]
[White "Krzyzanowski, Marcin"]
[Black "Sasikiran, Krishnan"]
[Result "1/2-1/2"]
[ECO "C01"]
[WhiteElo "2535"]
[BlackElo "2651"]
[Annotator "TA"]
[PlyCount "37"]
[EventDate "2022.06.07"]
[EventType "tourn"]
[EventCountry "CZE"]
[SourceTitle "playchess.com"]
[Source "ChessBase"]
[SourceQuality "1"]
[TimeControl "40/5400+30:1800+30"]

1. e4 e6 2. d4 d5 3. Nc3 Bb4 4. exd5 exd5 5. Bd3 Nf6 6. Nge2 O-O 7. O-O Re8 {[%emt 0:02:21] The position is equal. Nowadays more popular than 7...c6.} 8. Ng3 {[%emt 0:01:44] C01: French: Exchange Variation.} c6 9. h3 Nbd7 10. Qf3 Nf8 11. Nce2 Ng6 12. c3 Be7 {[%emt 0:03:53] [#]} 13. Nf5 $146 ({Predecessor:} 13. Nf4 Bd7 14. Be3 Nh4 15. Qd1 Bd6 16. Re1 {½-½ (16) Yudasin,L (2540)-Naumkin,I (2435) Montecatini Terme 1998}) 13... Bxf5 14. Qxf5 Nh4 15. Qf4 Ng6 16. Qf3 Nh4 17. Qf4 Ng6 18. Qf3 Nh4 19. Qf4 {A rather calm draw.  Weighted Error Value: White=0.01 (flawless) /Black=0.00 (flawless)} 1/2-1/2

[Event "Prague Festival-Challengers 2022"]
[Site "Prague"]
[Date "2022.06.16"]
[Round "8.1"]
[White "Sasikiran, Krishnan"]
[Black "Abdusattorov, Nodirbek"]
[Result "1/2-1/2"]
[ECO "E20"]
[WhiteElo "2651"]
[BlackElo "2661"]
[Annotator "TA"]
[PlyCount "99"]
[EventDate "2022.06.07"]
[EventType "tourn"]
[EventCountry "CZE"]
[SourceTitle "playchess.com"]
[Source "ChessBase"]
[SourceQuality "1"]
[TimeControl "40/5400+30:1800+30"]

1. d4 Nf6 2. c4 e6 3. Nc3 Bb4 4. f3 d5 5. a3 Be7 6. e4 dxe4 {[%emt 0:00:06] E20: Nimzo-Indian: 4 g3 and 4 f3.} 7. fxe4 c5 8. d5 exd5 9. exd5 O-O 10. Bd3 Bg4 11. Nge2 Nbd7 12. O-O {[%emt 0:03:21] [#]} Bd6 $146 ({Predecessor:} 12... Re8 13. Qc2 h6 14. Bf4 Nh5 15. Ng3 Nxf4 16. Rxf4 Ne5 17. Re1 Nxd3 18. Qxd3 Bd7 {1-0 (26) Amartuvshin,G (2350)-Nihal,S (2620) Chess.com INT 2020}) 13. Qc2 Re8 14. Ng3 Qb8 15. Bd2 Bxg3 16. hxg3 Qxg3 {[%emt 0:00:06] White must now prevent ...Ne5.} 17. Bf4 Qh4 18. Qf2 (18. Nb5 $5 ) 18... Qh5 19. Rfe1 b6 20. Nb5 Ne5 21. Bf1 Bd7 (21... Ng6 $5 ) 22. Nd6 Re7 23. b4 Neg4 24. Qf3 Rxe1 25. Rxe1 cxb4 26. axb4 b5 (26... a5 $11 {keeps the balance.}) 27. Re7 {[%emt 0:03:59] White is more active.} (27. Nxb5 $16 {Threatens to win with Nd6.} Bxb5 28. cxb5) 27... bxc4 $11 28. Bxc4 Rb8 29. b5 ({Stronger than} 29. Rxf7 Rxb4 30. Qf1 Qg6 $17) 29... Rf8 30. Qh3 Qg6 {[%emt 0:00:01] [#] Strongly threatening ...Qb1+.} 31. Bd3 {[%emt 0:02:16] Inhibits Qb1+.} Nf2 $1 32. Bxg6 {[%emt 0:04:28] Dancing on a razor blade. This bishop pair is nice.} Nxh3+ 33. gxh3 hxg6 34. Be5 {[%emt 0:01:28] [#] aiming for Bxf6.} Bxh3 35. Bxf6 gxf6 36. Rxa7 {[%emt 0:00:12][%mdl 4096] Endgame And now b6 would win. KRB-KRN} Rd8 37. Nxf7 Rxd5 38. b6 {[%emt 0:00:07] b7 is the strong threat.} Bc8 39. Nh6+ Kf8 40. Ra8 {[%emt 0:00:00] White wants to mate with b7.} Kg7 41. Rxc8 $14 {[%emt 0:01:32] KRN-KR} Rb5 42. Ng4 Rxb6 43. Rc7+ Kf8 44. Kf2 Re6 45. Kf3 Re7 46. Rc6 Kg7 47. Rxf6 Rf7 {[%emt 0:00:02] The position is equal.} 48. Rxf7+ Kxf7 49. Kf4 g5+ 50. Kxg5 {[%emt 0:00:11] Weighted Error Value: White=0.10 (very precise) /Black=0.11 (very precise)} 1/2-1/2

[Event "Prague Festival-Challengers 2022"]
[Site "Prague"]
[Date "2022.06.16"]
[Round "8.2"]
[White "Hracek, Zbynek"]
[Black "Warmerdam, Max"]
[Result "0-1"]
[ECO "B90"]
[WhiteElo "2570"]
[BlackElo "2614"]
[Annotator "TA"]
[PlyCount "110"]
[EventDate "2022.06.07"]
[EventType "tourn"]
[EventCountry "CZE"]
[SourceTitle "playchess.com"]
[Source "ChessBase"]
[SourceQuality "1"]
[TimeControl "40/5400+30:1800+30"]

1. e4 c5 2. Nf3 d6 3. d4 cxd4 4. Nxd4 Nf6 5. Nc3 a6 6. f3 e5 7. Nb3 Be7 8. Be3 h5 {[%emt 0:00:27] B90: Sicilian Najdorf: Unusual White 6th moves, 6 Be3 Ng4 and 6 Be3 e5.} 9. Qd2 (9. Na4 $5 ) 9... Nbd7 $5 {[%emt 0:00:39][%mdl 4] A promising side line.} 10. Nd5 ({White should play} 10. O-O-O $14) 10... Nxd5 $11 {[%emt 0:01:11] The position is equal.} 11. exd5 {[%emt 0:00:02] [#]} Nf6 $146 ({Predecessor:} 11... b6 12. c4 a5 13. Rc1 h4 14. Be2 h3 15. g3 Nc5 16. Na1 Bf5 17. O-O g5 {½-½ (60) Lin,P (2018)-Liu,Y (1925) Zhengzhou 2019}) 12. Be2 Bf5 13. a4 O-O 14. O-O h4 15. c4 a5 16. c5 (16. Nc1 $11) 16... dxc5 $17 17. Rfd1 Bd6 18. Rac1 b6 19. Bg5 h3 20. Rc4 Re8 {[%emt 0:06:21] ...e4 is the strong threat.} 21. Bd3 e4 22. Bxe4 (22. fxe4 $15 Bc8 23. Rf1) 22... Bxe4 ({Worse is} 22... Nxe4 23. fxe4 f6 24. exf5) 23. fxe4 Qe7 (23... Re5 $1 $17 24. Re1 Qe7) 24. gxh3 $11 Nxe4 {[%emt 0:00:20][%mdl 64] Discovered Attack} 25. Bxe7 Nxd2 26. Nxd2 Rxe7 27. Re4 (27. Rg4 $1 $11) 27... Rxe4 $1 $15 28. Nxe4 {[%emt 0:00:01][%mdl 4096] Endgame KRB-KRN} Be5 29. Kg2 Rd8 $1 ({And not} 29... Bxb2 30. Rb1 Be5 31. Rxb6 $15) 30. Rd2 f5 31. Nc3 Kf7 (31... Bd4 $1 $17 32. h4 Kf7) 32. Nb5 Kf6 33. b3 Bd4 34. d6 Be5 35. h4 Ke6 36. Nc7+ $1 Kd7 37. Nb5 (37. Nd5 $1 $15 {deserves consideration.}) 37... Rh8 $17 {[%emt 0:01:33] Black keeps a firm grip on the game.} 38. Rd5 {[%emt 0:00:39] [#]} Bf6 39. Rxf5 Rxh4 40. Rf2 (40. Na3 $17) 40... Rb4 41. Rf3 {[%emt 0:06:05] [#]} c4 $1 42. bxc4 Rxa4 ({Inferior is} 42... Rxc4 43. Ra3 $17) 43. Rf4 Ra2+ 44. Kf3 $2 (44. Kg1) 44... Rxh2 $19 45. Rf5 Rc2 46. Rf4 a4 {[%emt 0:03:51][%cal Oa4a3] And now ...a3! would win.} 47. Re4 Kc6 48. Rf4 Rd2 {[%emt 0:02:11][%cal Oa4a3] Hoping for ...a3!} 49. Re4 Rc2 50. Rf4 $1 Rh2 {[%emt 0:00:12] Black is clearly winning.} 51. Ke4 Rh4 52. Nd4+ Kc5 {[%emt 0:03:44] ( -> ...Rxf4+)} 53. Rxh4 Bxh4 54. Kd3 Bf6 55. Nb5 Kc6 {[%emt 0:00:59] Weighted Error Value: White=0.48/Black=0.18 (very precise)} 0-1